 Dungeon Crawl Stone Soup version 0.31.0-11-ge490571c62 (webtiles) character file.

Game seed: 3012429672629566031

158 qw the Ducker (level 5, -3/26 HPs)
             Began as a Spriggan Hunter on Feb 4, 2024.
             Was an Initiate of Okawaru.
             Slain by a gnoll
             ... wielding a +2 heavy spear
              (13 damage)
             ... on level 3 of the Dungeon.
             The game lasted 00:00:07 (1843 turns).

qw the Ducker (Spriggan Hunter)                     Turns: 1843, Time: 00:00:07

Health: -3/26      AC:  2    Str:  7    XL:     5   Next: 16%
Magic:  6/6        EV: 20    Int: 11    God:    Okawaru [......]
Gold:   155        SH:  0    Dex: 20    Spells: 4/4 levels left

rFire   . . .        a - +1 shortbow
rCold   . . .        (shield currently unavailable)
rNeg    . . .        c - +0 robe
rPois   .            (helmet restricted)
rElec   .            (no cloak)
rCorr   .            (gloves unavailable)
SInv    +            (boots unavailable)
Will    .....        (no amulet)
Stlth   ++           (no ring)
HPRegen 0.24/turn    (no ring)
MPRegen 0.10/turn

%: no passive effects
@: very quick
A: very small, no large weapons, unfitting armour, see invisible, speed 3
a: Renounce Religion


You were on level 3 of the Dungeon.
You worshipped Okawaru.
Okawaru was noncommittal.
You visited 1 branch of the dungeon, and saw 3 of its levels.

You collected 155 gold pieces.


Innate Abilities, Weirdness & Mutations

You are very small and have problems with some larger weapons.
You are too small for most types of armour.
You have supernaturally acute eyesight. (SInv)
You cover ground extremely quickly. (Speed+++)


   Skills:
 - Level 2.2 Fighting
 + Level 5.0 Ranged Weapons
 - Level 5.4 Dodging
 - Level 1.5 Stealth


You had 4 spell levels left.
You didn't know any spells.
Your spell library was empty.

Inventory:

Hand Weapons
 a - a +1 shortbow (weapon)
Armour
 c - a +0 robe (worn)
Jewellery
 f - an amulet of magic regeneration
Wands
 d - a wand of iceblast (7)
Scrolls
 b - a scroll of blinking {unknown}
 e - a scroll of teleportation {unknown}
Potions
 g - a potion of cancellation {unknown}
 h - a potion of mutation {unknown}
 i - a potion of invisibility {unknown}

Dungeon Overview and Level Annotations

Branches:
Dungeon (3/15)

Altars:
Gozag
Okawaru

Shops:
D:1 (


Message History

Enter note:
1832 ||| RETREEEEATING.
The hound barks!
The gnoll shouts!
The hound barks!
Enter note:
Enter note:
1833 ||| RETREEEEATING.
Enter note:
Enter note:
1834 ||| RETREEEEATING.
You shoot an arrow. The arrow hits the hound.
The hound is lightly wounded.
You shoot an arrow. The arrow closely misses the hound.
The hound bites you.
You shoot an arrow. The arrow hits the hound!
The hound is severely wounded.
The hound closely misses you.
You shoot an arrow. The arrow closely misses the hound. x2
The hound misses you. The hound completely misses you.
You shoot an arrow. The arrow hits the hound!
You kill the hound!
Okawaru accepts your kill. The hound misses you. The gnoll closely misses you.
Your Fighting skill increases to level 2!
You have reached level 5!
You feel clever.
You shoot an arrow. The arrow hits the hound.
The hound is lightly wounded.
The hound barely misses you. The hound bites you.
You shoot an arrow. The arrow hits the hound.
The hound is moderately wounded.
The gnoll completely misses you. The hound misses you.
You shoot an arrow. The arrow closely misses the hound.
The hound misses you.
The gnoll hits you from afar with a +2 heavy spear!
The hound closely misses you.
You shoot an arrow. The arrow hits the hound!
The hound is severely wounded.
The hound closely misses you. The hound bites you.
The gnoll hits you from afar with a +2 heavy spear!
Ouch! That really hurt!
You die...

###.##### #.....#
#..... #.......#
#.....# ###...
#.#.###.# #....%#
#.## #.#.###.#
#.....# #...
#.#..##.# #######
#<## #.##.##.# #.##
#.##.##.# #...
#.....<.# #..#
####.##@# #..#
#.##h## #...
#.##.g#############.#
#(..................#
##..P.P....##########
####'###### # +.. #
#... # +...# #


You could see a hound and a gnoll.

Vanquished Creatures
  A hound (D:3)
  Jessica (D:3)
  An orc wizard (D:3)
  3 adders (D:2)
  2 dart slugs (D:2)
  4 orcs (D:3)
  4 bats
  4 endoplasms
  2 goblins (D:2)
  A hobgoblin (D:2)
  5 jackals (D:1)
  A quokka (D:2)
  9 ball pythons
  A frilled lizard (D:3)
  A kobold (D:1)
  2 rats (D:2)
42 creatures vanquished.

Notes
Turn   | Place    | Note
-------+----------+-------------------------------------------
     0 | D:1      | qw the Spriggan Hunter began the quest for the Orb.
     0 | D:1      | Reached XP level 1. HP: 10/10 MP: 2/2
     0 | D:1      | 0 ||| qw: Version: 0.3-a-160-g6735b56
     0 | D:1      | 0 ||| qw: Game counter: 5680
     0 | D:1      | 0 ||| qw: Melee chars always use a shield: true
     0 | D:1      | 0 ||| qw: God list: Okawaru
     0 | D:1      | 0 ||| qw: Allow faded altars: false
     0 | D:1      | 0 ||| qw: Do Orc after clearing Dungeon:15 true
     0 | D:1      | 0 ||| qw: Do second Lair branch before Depths: true
     0 | D:1      | 0 ||| qw: Lair rune preference: random
     0 | D:1      | 0 ||| qw: Goals: Normal
     0 | D:1      | 0 ||| PLANNING D:1-11
    34 | D:1      | Found Waum's Antique Weapon Boutique.
   183 | D:1      | Reached skill level 3 in Dodging
   483 | D:1      | Reached XP level 2. HP: 14/14 MP: 3/3
   540 | D:1      | 540 ||| READING 3 scrolls labelled UTWEULODGHAN.
   540 | D:1      | 540 ||| IDENTIFYING bubbling coppery potion
   541 | D:1      | 541 ||| READING 2 scrolls of identify.
   541 | D:1      | 541 ||| IDENTIFYING metallic silvery potion
   542 | D:1      | 542 ||| READING scroll of identify.
   542 | D:1      | 542 ||| IDENTIFYING 2 fizzy blue potions
   543 | D:1      | 543 ||| READING scroll labelled GUYSEAMUVU.
   544 | D:1      | 544 ||| READING scroll labelled GUMIGU PETUPPUV.
   544 | D:1      | 544 ||| ENCHANTING +0 shortbow.
   545 | D:1      | 545 ||| READING scroll labelled WIHOIL XIAF.
   546 | D:1      | 546 ||| DRINKING 2 dark potions.
   551 | D:1      | 551 ||| DROPPING scroll of butterflies.
   552 | D:1      | 552 ||| DROPPING potion of brilliance.
   553 | D:1      | 553 ||| DROPPING 2 potions of degeneration.
   554 | D:1      | 554 ||| DROPPING potion of magic.
   555 | D:1      | 555 ||| DROPPING potion of ambrosia.
   673 | D:2      | Reached XP level 3. HP: 18/18 MP: 4/4
  1015 | D:2      | Found an iron altar of Okawaru.
  1016 | D:2      | 1016 ||| PLANNING OKAWARU WORSHIP
  1020 | D:2      | 1020 ||| READING scroll of identify.
  1020 | D:2      | 1020 ||| IDENTIFYING smoky silvery potion
  1021 | D:2      | 1021 ||| READING scroll labelled IHUNKI ATYRYKU.
  1122 | D:2      | 1122 ||| READING scroll labelled SOUVVAUTIB.
  1223 | D:2      | 1223 ||| READING scroll labelled IMYODGH KEMOROFEPS.
  1223 | D:2      | 1223 ||| ENCHANTING +0 shortbow.
  1224 | D:2      | 1224 ||| DROPPING potion of lignification.
  1232 | D:2      | Became a worshipper of Warmaster Okawaru
  1233 | D:2      | 1233 ||| PLANNING D:1-11
  1368 | D:3      | Noticed Jessica
  1377 | D:3      | Killed Jessica
  1378 | D:3      | Reached XP level 4. HP: 17/22 MP: 5/5
  1669 | D:3      | Found an opulent altar of Gozag.
  1831 | D:3      | 1831 ||| RETREEEEATING.
  1832 | D:3      | 1832 ||| RETREEEEATING.
  1833 | D:3      | 1833 ||| RETREEEEATING.
  1834 | D:3      | 1834 ||| RETREEEEATING.
  1840 | D:3      | Reached XP level 5. HP: 23/26 MP: 6/6
  1843 | D:3      | Slain by a gnoll

Levels and vault maps discovered:
D:1:      mainiacjoe_arrival_reflecting_pool, layout_loops_cross, serial_shops,
          nicolae_shop_trees, minmay_pentomino_t2
D:2:      layout_basic, basic_altar, kennysheep_boxes
D:3:      layout_loops_cross, mainiacjoe_overflow_paths,
          chequers_serial_rivers_marsh, cheibrodos_gnoll_hut, uniq_robin,
          uniq_jessica

Skill      XL: |  1  2  3  4 |
---------------+-------------+-----
Dodging        | 3 4 5 |  5.4
Ranged Weapons | 5 |  5.0
Fighting       | 2 |  2.2
Stealth        | |  1.5

Action                     |  1- 3 |  4- 6 || total
---------------------------+-------+-------++-------
   Fire: Shortbow          |    80 |    32 ||   112
    Use: Scroll            |    10 |       ||    10
         Potion            |     1 |       ||     1
 Armour: Robe              |    12 |     7 ||    19
  Dodge: Dodged            |    24 |    15 ||    39

Table legend:
 A = Non-vault XP
 B = Vault XP
 C = Vault XP percentage of total XP
 D = Non-vault monster count
 E = Vault monster count
 F = Vault count percentage of total count
                 A         B        C        D         E       F
            +---------+---------+-------+---------+---------+-------
      Total |     144 |      82 |  36.3 |      39 |       3 |   7.1
            +---------+---------+-------+---------+---------+-------
        D:1 |      15 |       2 |  11.8 |       9 |       1 |  10.0
        D:2 |      78 |       0 |   0.0 |      22 |       0 |   0.0
        D:3 |      51 |      80 |  61.1 |       8 |       2 |  20.0
            +---------+---------+-------+---------+---------+-------
